 Dungeon Crawl Stone Soup version 0.30-a0-1016-gfb0d676c02 (webtiles) character file.

Game seed: 11487803955325188927

3331 ThatPearl the Grappler (level 9, 0/72 HPs)
             Began as a White Draconian Transmuter on Apr 7, 2023.
             Was an Initiate of Wu Jian.
             Slain by a gnoll
             ... wielding a +0 spear
             ... led by a gnoll bouda
              (3 damage)
             ... on level 8 of the Dungeon.
             The game lasted 00:20:09 (7396 turns).

ThatPearl the Grappler (White Draconian Transmuter) Turns: 7396, Time: 00:20:09

Health: 0/72       AC:  9    Str: 22    XL:     9   Next: 71%
Magic:  16/17      EV: 12    Int: 17    God:    Wu Jian [......]
Gold:   425        SH:  0    Dex: 12    Spells: 10/18 levels left

rFire   + . .      SeeInvis +      - Unarmed
rCold   + . .      Faith    .    (no shield)
rNeg    . . .      Spirit   .    (body armour unavailable)
rPois   .          Reflect  .    (helmet currently unavailable)
rElec   .          Rampage  .    s - +0 cloak
rCorr   .                        u - +0 pair of gloves of Circular Logic {rF+ Str+3}
Will    .....                    I - melded +2 pair of boots
Stlth   +                        o - amulet of the acrobat
HPRegen 0.32/turn                w - ring of see invisible
MPRegen 0.15/turn                H - +6 ring of strength

@: mighty, short of breath, appendages, wereblooded, flying
A: horns 2, talons 2, breathe frost, AC +7, unfitting armour, cold resistance 1,
cold-blooded
a: Breathe Frost, End Transformation, Renounce Religion


You were on level 8 of the Dungeon.
You worshipped Wu Jian.
Wu Jian was noncommittal.
You had temporarily grown beastly horns and talons.
You visited 2 branches of the dungeon, and saw 9 of its levels.

You collected 425 gold pieces.

Inventory:

Hand Weapons
 f - a +0 sling
Missiles
 b - 78 stones
 l - 2 atropa-tipped darts
 x - 6 poisoned darts
 D - 3 curare-tipped darts
Armour
 s - a +0 cloak (worn)
 u - the +0 pair of gloves of Circular Logic (worn) {rF+ Str+3}
   (You found it on level 4 of the Dungeon)

   Str:       It affects your strength (+3).
   rF:        It protects you from fire.
 E - a +0 buckler
 I - a +2 pair of boots (melded)
Jewellery
 g - a ring of ice
 o - an amulet of the acrobat (around neck)
 w - a ring of see invisible (left hand)
 G - a ring of protection from cold
 H - a +6 ring of strength (right hand)
Wands
 a - a wand of charming (13)
 r - a wand of mindburst (8)
Scrolls
 c - a scroll of poison {unknown}
 d - 7 scrolls of identify {unknown}
 i - 4 scrolls of teleportation {unknown}
 j - a scroll of fear {unknown}
 m - a scroll of silence {unknown}
 n - a scroll of blinking {unknown}
 p - a scroll of vulnerability {unknown}
 v - a scroll of fog {unknown}
 y - a scroll of enchant weapon {unknown}
 F - a scroll of summoning {unknown}
Potions
 e - 2 potions of brilliance
 h - a potion of flight
 k - 2 potions of heal wounds {unknown}
 q - a potion of might
 t - a potion of curing {unknown}
 z - a potion of degeneration {unknown}
 A - a potion of attraction {unknown}
 B - a potion of haste {unknown}
 C - a potion of magic {unknown}


   Skills:
 + Level 4.3 Fighting
 - Level 1.7 Dodging
 + Level 8.2 Unarmed Combat
 + Level 5.3 Spellcasting
 + Level 7.9 Transmutations
 + Level 6.3 Ice Magic


You had 10 spell levels left.
You knew the following spells:

 Your Spells              Type           Power      Damage    Failure   Level
a - Beastly Appendage     Tmut           62%        N/A       1%          1
b - Ice Form              Ice/Tmut       28%        N/A       8%          4
f - Freeze                Ice            100%       1d10      1%          1
w - Wereblood             Tmut           31%        N/A       1%          2

Your spell library contained the following spells:

 Spells                   Type           Power      Damage    Failure   Level
 Spider Form              Tmut/Pois      17%        N/A       9%          3
 Sandblast                Erth           8%         2d5       14%         1
 Sublimation of Blood     Necr           4%         N/A       21%         2
 Inner Flame              Hex/Fire       4%         N/A       38%         3
 Plasma Beam              Fire/Air       2%         2x1d13    100%        6
 Summon Hydra             Summ           2%         N/A       100%        7
 Polar Vortex             Ice            13%        N/A       100%        9


Dungeon Overview and Level Annotations

Branches:
Dungeon (8/15)             Temple (1/1) D:7
   Lair: D:8-11

Altars:
Ashenzari
Dithmenos
Elyvilon
Fedhas
Gozag
Hepliaklqana
Kikubaaqudgha
Makhleb
Nemelex Xobeh
Okawaru
Ru
Sif Muna
Trog
Vehumet
Wu Jian
Xom
Yredelemnul
The Shining One

Shops:
D:3 [


Innate Abilities, Weirdness & Mutations

You have temporarily grown beastly horns and talons.
You can breathe waves of freezing cold which knock back foes.
Your icy white scales are hard. (AC +7)
You cannot fit into any form of body armour.
Your flesh is cold resistant. (rC+)
You are cold-blooded and may be slowed by cold attacks.


Message History

The gnoll bouda hits you with a +0 whip.
* * * LOW HITPOINT WARNING * * *
It was a potion of flight.
You feel very buoyant.
You fly up into the air.
The gnoll closely misses you. The gnoll hits you but does no damage.
The gnoll sergeant hits you but does no damage.
The gnoll bouda hits you with a +0 whip.
* * * LOW HITPOINT WARNING * * *
It was a potion of might.
You feel very mighty all of a sudden.
The gnoll throws a stone.
The stone hits you but does no damage. The gnoll hits you but does no damage.
The gnoll closely misses you.
The gnoll sergeant hits you but does no damage.
The gnoll bouda barks out a call to the hunt!
The gnoll picks up the pace!
You barely miss the gnoll bouda. You claw the gnoll bouda!
Your headbutt misses the gnoll bouda.
Your tail-slap misses the gnoll bouda.
The gnoll bouda is heavily wounded.
The gnoll barely misses you. The gnoll closely misses you.
The gnoll hits you with a +0 flail!
* * * LOW HITPOINT WARNING * * *
The gnoll hits you but does no damage.
The gnoll sergeant hits you but does no damage.
The gnoll bouda utters an invocation to its god.
The gnoll bouda is healed somewhat.
Aiming: Breathe Frost (4% risk of failure)
Press: ? - help, Shift-Dir - straight line, f - gnoll bouda
Aim: a gnoll bouda, wielding a +0 whip and wearing a +0 robe (moderately wounded, 72% to hit)
You exhale a wave of freezing cold.
The freezing breath hits the gnoll bouda!
The gnoll bouda is almost dead.
The gnoll bouda is knocked back by the freezing wind.
The freezing breath hits the gnoll bouda!
You kill the gnoll bouda!
The Council accepts your kill.
Your attacks no longer feel as feeble.
The gnoll misses you. The gnoll hits you but does no damage.
The gnoll hits you from afar with a +0 spear.
You die...

.........#
.....$..#
......<.
...... #...#
##.g# ##.).#
#).†@##..#.
###)ggg.....
#...g.....
..........
...........
!.....#.....
......###....
#....$## ....
#...... ..


You could see a gnoll sergeant (swift) and 4 gnolls.

Vanquished Creatures
  Sigmund (D:2)
  Eustachio (D:5)
  2 steam dragons
  An acid dragon (D:6)
  3 sky beasts
  3 black bears
  An ice beast (D:5)
  2 ogres
  2 centaurs
  A phantom (D:5)
  A bullfrog (D:8)
  4 scorpions
  5 wights (D:7)
  6 killer bees (D:7)
  2 howler monkeys (D:7)
  2 jellies (D:5)
  A gnoll bouda (D:8)
  3 orc priests
  4 sleepcaps
  An iguana (D:5)
  Jessica (D:3)
  Terence (D:3)
  3 orc wizards
  6 gnolls
  13 adders
  A shadow imp (D:5)
  3 white imps
  2 ufetubi
  A worm (D:2)
  5 dart slugs
  15 orcs
  6 endoplasms
  2 giant cockroaches
  4 goblins
  11 hobgoblins
  3 jackals (D:4)
  7 quokkas
  6 ball pythons
  7 bats
  3 frilled lizards
  5 kobolds
  5 rats
  A butterfly (D:7)
157 creatures vanquished.

Notes
Turn   | Place    | Note
-------+----------+-------------------------------------------
     0 | D:1      | ThatPearl the Draconian Transmuter began the quest for the
                  | Orb.
     0 | D:1      | Reached XP level 1. HP: 16/16 MP: 3/3
   222 | D:1      | Reached XP level 2. HP: 23/23 MP: 3/5
   231 | D:1      | Learned a level 2 spell: Wereblood
   821 | D:2      | Noticed Sigmund
   825 | D:2      | Reached XP level 3. HP: 28/28 MP: 3/6
  1111 | D:2      | Reached skill level 4 in Unarmed Combat
  1130 | D:2      | Reached XP level 4. HP: 35/35 MP: 5/7
  1149 | D:2      | Killed Sigmund
  1150 | D:2      | Reached skill level 5 in Unarmed Combat
  1150 | D:2      | Reached XP level 5. HP: 29/40 MP: 4/8
  1675 | D:3      | Noticed Jessica
  1679 | D:3      | Reached XP level 6. HP: 40/47 MP: 9/9
  1683 | D:3      | Killed Jessica
  1750 | D:3      | Found a faded altar of an unknown god.
  1758 | D:3      | Got Plato's Secrets of the Valley
  2087 | D:3      | Noticed Terence
  2100 | D:3      | Killed Terence
  2101 | D:3      | Reached skill level 5 in Transmutations
  2459 | D:3      | Found Fauxzesh's Armour Shoppe.
  2685 | D:4      | Reached skill level 6 in Unarmed Combat
  3242 | D:4      | Identified the +0 pair of gloves of Circular Logic {rF+
                  | Str+3}
  3259 | D:4      | Your scales start taking on an icy white colour.
  3259 | D:4      | Reached XP level 7. HP: 44/52 MP: 8/10
  3259 | D:4      | Gained mutation: Your flesh is cold resistant. (rC+) [White
                  | Draconian growth]
  3264 | D:4      | Learned a level 4 spell: Ice Form
  3594 | D:5      | Entered Level 5 of the Dungeon
  3617 | D:5      | Reached skill level 1 in Ice Magic
  3936 | D:5      | Noticed Eustachio
  4126 | D:5      | Killed Eustachio
  4240 | D:5      | Reached XP level 8. HP: 58/59 MP: 10/12
  4850 | D:6      | Reached skill level 7 in Unarmed Combat
  5262 | D:6      | Reached XP level 9. HP: 55/68 MP: 13/15
  5343 | D:6      | Reached skill level 5 in Ice Magic
  6298 | D:7      | Got Vv's Writings on the Volcano and Congelation
  6301 | D:7      | Learned a level 1 spell: Freeze
  6311 | D:7      | Found a staircase to the Ecumenical Temple.
  6320 | Temple   | Entered the Ecumenical Temple
  6646 | Temple   | Became a worshipper of the Wu Jian Council
  6671 | D:7      | Reached skill level 5 in Spellcasting
  6745 | D:7      | Reached skill level 8 in Unarmed Combat
  7395 | D:8      | HP: 3/72 [gnoll/+0 flail[a gnoll sergeant] (8)]
  7396 | D:8      | Slain by a gnoll

Illustrated notes

Levels and vault maps discovered:
D:1:      minmay_arrival_five_plusses, layout_basic
D:2:      layout_basic, uniq_sigmund
D:3:      layout_basic, shapermc_ecumenical_altar_rom_forum, serial_shops,
          nicolae_lakefront_shop, kennysheep_potato, uniq_terence, uniq_jessica
D:4:      layout_basic
D:5:      layout_gridville, uniq_eustachio
D:6:      layout_basic
D:7:      layout_basic, minmay_temple_entry_butterflies
D:8:      layout_layer_cave, zin_academy, uniq_erica, uniq_maurice
Temple:   mainiacjoe_temple_trianglar_array

Skill      XL: |  1  2  3  4  5  6  7  8  9 |
---------------+----------------------------+-----
Transmutations | 3 4 5 6 7 |  7.9
Unarmed Combat | 4 5 6 7 8 |  8.2
Ice Magic      | 3 4 6 |  6.3
Spellcasting   | 3 4 5 |  5.3
Fighting       | 2 4 |  4.3
Dodging        | |  1.7

Action                     |  1- 3 |  4- 6 |  7- 9 || total
---------------------------+-------+-------+-------++-------
  Melee: Unarmed           |    85 |   140 |   329 ||   554
         Kick              |    12 |    27 |    93 ||   132
         Headbutt          |     8 |    18 |    63 ||    89
         Tailslap          |     8 |    10 |    36 ||    54
         Punch             |     1 |     8 |    14 ||    23
  Throw: Dart              |       |     3 |       ||     3
   Cast: Beastly Appendage |    21 |    26 |    38 ||    85
         Wereblood         |       |     1 |     4 ||     5
         Ice Form          |       |       |     1 ||     1
Ability: Lunge             |       |       |     2 ||     2
         Breathe Frost     |       |       |     1 ||     1
  Evoke: Wand              |       |     2 |     1 ||     3
    Use: Potion            |       |       |     4 ||     4
   Stab: Sleeping          |       |     1 |       ||     1
 Armour: Skin              |    30 |    42 |   132 ||   204
  Dodge: Dodged            |    56 |    78 |   270 ||   404

Table legend: (Time is in decaauts)
 A = Elapsed time spent in this place.
 B = Non-inter-level travel time spent in this place.
 C = Inter-level travel time spent in this place.
 D = Time resting spent in this place.
 E = Time spent auto-exploring this place.
 F = Levels seen in this place.
 G = Mean time per level.
                   A        B        C        D        E       F      G
               +--------+--------+--------+--------+--------+-----+--------+
         Total |   7331 |   7078 |    253 |    534 |   4971 |   9 |  814.6 |
       Dungeon |   6990 |   6775 |    215 |    534 |   4672 |   8 |  873.8 |
        Temple |    341 |    303 |     38 |      0 |    299 |   1 |  341.0 |
               +--------+--------+--------+--------+--------+-----+--------+

Top non-repeatable levels by time:
     D:5: 1229 daAuts
     D:6: 1211 daAuts
     D:3: 961 daAuts
     D:4: 958 daAuts
     D:7: 941 daAuts
     D:2: 836 daAuts
     D:1: 818 daAuts
  Temple: 341 daAuts
     D:8: 34 daAuts
